Map: Ruins of Seras

Players

Januszewski - Winner!

  • Race: Terran Terran
  • League: Silver

SticklerMac

  • Race: Zerg Zerg
  • League: Silver

VOD

Have the link to the VOD?

Description

Time

  • Played on: Oct. 12, 2015, 9:23 p.m.
  • Length: 20:46
Show
View Real Time Build Order
Export as new Build Order

Januszewski Terran - Winner!

Build Orders:  

Get SALT Encoding   

  12  0:01  SCV  
  13  0:13  SCV  
  14  0:23  Supply Depot  
  14  0:25  SCV  
  15  0:44  SCV  
  15  0:45  Barracks  
  16  0:57  SCV  
  17  1:13  Command Center  
  17  1:17  SCV  
  18  1:29  SCV  
  18  1:32  Marine  
  20  1:38  Supply Depot  
  20  1:41  SCV  
  21  1:54  Marine  
  21  1:55  SCV  
  23  2:10  Orbital Command  
  23  2:16  Refinery  
  23  2:17  Marine  
  23  2:18  Refinery  
  24  2:31  Orbital Command  
  24  2:35  Bunker, Marine  
  25  2:44  SCV  
  26  2:53  Marine  
  26  2:56  SCV  
  28  3:03  SCV, Barracks  
  29  3:08  Supply Depot  
  29  3:09  SCV  
  29  3:12  Barracks Tech Lab  
  30  3:16  SCV  
  31  3:21  SCV  
  31  3:24  Factory  
  32  3:28  SCV  
  32  3:33  SCV  
  34  3:34  Supply Depot  
  34  3:37  Marauder  
  34  3:39  Combat Shields  
  36  3:46  SCV x2  
  38  3:58  SCV  
  38  4:00  Barracks Reactor  
  38  4:01  SCV  
  40  4:05  Supply Depot  
  40  4:10  SCV  
  40  4:11  Widow Mine  
  43  4:23  Bunker  
  43  4:25  Marauder  
  43  4:26  SCV  
  43  4:27  SCV  
  47  4:36  Supply Depot  
  46  4:40  Widow Mine  
  46  4:43  Bunker  
  42  4:54  Marine  
  42  4:55  Marine  
  42  5:01  Marauder  
  44  5:08  Widow Mine  
  44  5:12  Marine x2  
  48  5:23  Marine  
  48  5:30  Marine x2  
  48  5:32  Supply Depot, Bunker  
  41  5:43  SCV  
  41  5:44  Orbital Command  
  41  5:46  Starport  
  42  5:52  Widow Mine  
  42  5:53  Supply Depot  
  42  5:55  SCV  
  45  6:07  SCV  
  46  6:14  Marine x2  
  46  6:15  Marauder  
  50  6:19  Supply Depot  
  48  6:34  Marine x2  
  48  6:35  Medivac  
  48  6:43  Supply Depot  
  48  6:48  Factory Tech Lab  
  48  6:51  SCV x2  
  39  7:38  Siege Tank  
  39  7:40  Marine  
  39  7:41  Marine  
  39  7:42  Marauder  
  39  7:43  SCV  
  47  7:47  Command Center, Supply Depot  
  47  7:48  Supply Depot  
  47  7:50  Engineering Bay  
  47  7:55  SCV  
  48  8:05  Marine x2  
  48  8:09  Barracks  
  48  8:10  Barracks  
  50  8:15  Siege Tank  
  51  8:28  Medivac  
  53  8:47  Supply Depot, Siege Tank  
  54  8:54  Marine x2  
  58  8:55  Marauder  
  58  9:03  Orbital Command  
  58  9:05  SCV  
  59  9:10  Starport Tech Lab  
  59  9:14  Barracks Tech Lab  
  59  9:16  Supply Depot  
  59  9:17  SCV  
  59  9:18  Terran Infantry Weapons Level 1  
  59  9:22  Barracks Tech Lab  
  60  9:36  SCV  
  60  9:37  Marine x3  
  64  9:39  Orbital Command  
  64  9:49  SCV  
  65  9:56  Marine  
  65  9:57  Marauder, Marine  
  69  10:01  SCV  
  70  10:13  SCV  
  71  10:25  SCV  
  72  10:35  Missile Turret  
  72  10:36  Missile Turret  
  72  10:37  SCV, Missile Turret  
  72  10:38  Missile Turret  
  72  10:40  Missile Turret  
  73  10:45  Missile Turret  
  70  10:58  SCV x2  
  70  10:59  Marine  
  70  11:00  Marine x2  
  75  11:09  Missile Turret  
  75  11:17  Marine  
  74  11:25  Refinery  
  74  11:26  Refinery, Marine x2  
  74  11:32  Stimpack  
  73  11:35  Marine  
  73  11:38  Concussive Shells  
  78  11:47  Marauder x2  
  78  12:00  Supply Depot  
  78  12:01  Supply Depot  
  78  12:02  Orbital Command  
  78  12:04  Marine  
  79  12:14  Liberator  
  79  12:21  SCV x2  
  81  12:24  Marauder x2, Marine x2  
  90  12:52  Missile Turret  
  90  12:55  Missile Turret  
  90  12:57  Missile Turret, Marine x3  
  90  12:58  Widow Mine, Refinery x2, Marine  
  94  12:59  Unknown  
  94  13:04  Terran Infantry Armor Level 1  
  94  13:05  Barracks  
  96  13:07  Armory  
  96  13:29  Liberator  
  96  13:30  Liberator  
  96  13:44  Marine x2  
  96  13:45  Marauder  
  106  14:02  Marauder  
  108  14:03  Barracks Reactor  
  108  14:04  Marine  
  108  14:05  Missile Turret  
  109  14:13  Command Center  
  109  14:17  Barracks Reactor  
  109  14:19  Starport  
  109  14:31  Supply Depot  
  109  14:33  Supply Depot  
  109  14:35  Supply Depot  
  109  14:52  Medivac x2, Marine  
  116  14:53  Marauder  
  116  14:54  Thor  
  116  14:55  Marine, Marauder  
  116  14:56  Marine  
  126  15:01  Supply Depot  
  126  15:03  Supply Depot  
  126  15:11  Supply Depot  
  126  15:13  Supply Depot  
  126  15:15  Supply Depot  
  126  15:17  Marine x2  
  126  15:18  Marine, Marauder x2  
  133  15:24  Liberator  
  133  15:25  Liberator  
  133  15:26  Missile Turret, Raven  
  138  15:47  Missile Turret  
  138  15:49  Marauder x2, Marine x2  
  144  15:50  Marine  
  144  15:52  Liberator  
  145  16:07  Liberator  
  145  16:09  Missile Turret  
  148  16:13  Marine x3  
  148  16:14  Marauder x2  
  141  16:53  Marine x2  
  141  16:54  Marauder x2, Marine  
  112  16:56  Siege Tank  
  112  16:59  Terran Infantry Weapons Level 2  
  114  17:07  Liberator x2  
  114  17:11  Marine x2  
  114  17:12  Marauder  
  114  17:15  Marine  
  117  17:22  Marine  
  119  17:26  Medivac  
  127  17:33  Marauder  
  127  17:34  Marauder  
  124  17:38  Orbital Command  
  124  17:43  Refinery  
  124  17:44  Refinery  
  124  17:49  Engineering Bay  
  122  17:51  Marine x2  
  122  17:54  Thor, Marine x2  
  122  17:55  Marauder  
  122  17:57  SCV x3  
  137  18:03  Liberator x2  
  137  18:09  SCV  
  144  18:29  Starport Reactor  
  144  18:31  Barracks  
  143  18:46  Liberator  
  143  18:54  Marine x2  
  143  18:55  Marauder, Marine x2  
  149  18:56  Siege Tank  
  149  18:57  Command Center  
  149  19:02  Liberator x2  
  155  19:12  Marine  
  155  19:13  Marauder x2  
  155  19:17  Marine x2  
  159  19:18  Marauder  
  169  19:30  Marine  
  170  19:34  Marauder, Marine  
  173  19:44  Liberator x2  
  173  19:45  Marine x2  
  173  19:46  Marine  
  173  19:48  Marine  
  173  19:52  Marauder  
  169  19:56  Marauder  
  157  20:03  Marine  
  156  20:22  Marauder x3, Marine x3  
  159  20:30  Refinery  
Show
View Real Time Build Order
Export as new Build Order

SticklerMac Zerg 

Build Orders: Hatch First, Zergling Baneling 

Get SALT Encoding   

  12  0:01  Drone  
  13  0:13  Overlord  
  13  0:24  Drone  
  14  0:28  Extractor  
  14  0:29  Drone  
  14  0:32  Drone  
  16  0:36  Drone  
  17  0:59  Hatchery  
  17  1:01  Drone  
  17  1:04  Drone  
  17  1:08  Extractor  
  17  1:16  Drone  
  18  1:25  Spawning Pool  
  17  1:32  Drone x2  
  19  1:40  Drone  
  20  2:08  Drone x2  
  20  2:12  Metabolic Boost  
  20  2:13  Queen x2  
  25  2:16  Drone  
  25  2:19  Drone  
  27  2:25  Overlord  
  27  2:33  Baneling Nest  
  27  2:36  Drone  
  27  2:38  Drone  
  29  2:44  Drone x2  
  29  2:49  Drone  
  31  2:56  Zergling x4  
  33  3:05  Zergling x2  
  34  3:08  Zergling x2  
  35  3:16  Zergling x2  
  36  3:20  Overlord  
  36  3:25  Overlord x2  
  36  3:47  Zergling x12  
  36  3:48  Zergling x2  
  42  3:51  Baneling x5  
  42  3:52  Baneling  
  42  3:53  Zergling x2  
  43  3:59  Zergling x2, Baneling x2  
  43  4:00  Zergling x10  
  49  4:06  Zergling x2  
  50  4:11  Zergling x2  
  50  4:14  Zergling x2  
  52  4:22  Zergling x2  
  53  4:26  Baneling x2  
  53  4:27  Baneling x3  
  53  4:29  Zergling x14  
  50  4:53  Zergling x2  
  50  4:54  Zergling x6  
  54  5:03  Zergling x4  
  54  5:10  Zergling x2  
  55  5:16  Baneling  
  55  5:17  Baneling x3  
  55  5:18  Zergling x2  
  43  5:29  Zergling x2  
  43  5:30  Zergling x4  
  45  5:40  Zergling x2  
  45  5:41  Zergling x2  
  45  5:48  Zergling x2  
  46  5:58  Zergling x4  
  46  6:01  Baneling x2  
  46  6:02  Baneling x4  
  46  6:03  Zergling x2  
  49  6:13  Zergling x4  
  51  6:23  Hatchery  
  40  6:40  Zergling x2  
  40  6:41  Zergling x12  
  40  6:43  Zergling x2  
  48  6:49  Zergling x2  
  48  6:50  Zergling x4  
  48  6:52  Lair  
  50  6:57  Zergling x6  
  52  7:12  Zergling x8  
  48  7:21  Zergling x8  
  52  7:35  Zergling x2  
  52  7:36  Zergling x4  
  52  7:45  Zergling x4  
  54  7:51  Baneling  
  54  7:52  Baneling x6  
  54  7:53  Zergling x4  
  56  8:00  Queen  
  47  8:23  Zergling x2  
  47  8:24  Zergling x16  
  46  8:43  Zergling x14  
  48  9:00  Spire  
  48  9:01  Extractor  
  48  9:02  Drone x5  
  51  9:20  Drone x6  
  57  9:32  Drone  
  57  9:33  Drone x6  
  57  9:34  Hatchery  
  57  9:36  Extractor  
  60  9:38  Extractor  
  52  10:14  Mutalisk  
  52  10:15  Mutalisk x2  
  51  10:36  Mutalisk  
  49  10:54  Drone x3  
  49  10:55  Drone x21  
  64  11:04  Zergling x2  
  57  11:27  Drone x13  
  70  11:33  Queen  
  70  11:37  Overlord x4  
  72  11:54  Overlord  
  72  11:55  Overlord x2, Queen x3  
  72  11:57  Drone x3  
  81  12:03  Extractor  
  81  12:04  Extractor  
  79  12:10  Mutalisk x3  
  79  12:15  Drone  
  86  12:16  Drone x7  
  93  12:37  Mutalisk x3, Zergling x2  
  100  12:56  Mutalisk x2  
  104  12:59  Zergling x16  
  104  13:00  Zergling x4  
  104  13:03  Zergling x6  
  104  13:04  Zergling x4  
  119  13:07  Overlord x3  
  119  13:29  Mutalisk x5  
  119  13:30  Mutalisk  
  131  13:37  Zergling x2  
  131  13:38  Zergling x14  
  139  13:50  Overlord x5  
  139  13:56  Mutalisk  
  139  13:57  Mutalisk x2  
  139  13:58  Mutalisk  
  139  13:59  Mutalisk  
  139  14:02  Zergling x2  
  150  14:04  Zergling x4  
  150  14:08  Baneling  
  150  14:09  Baneling x4  
  152  14:10  Baneling  
  152  14:11  Baneling  
  152  14:13  Baneling  
  152  14:14  Baneling  
  152  14:16  Baneling  
  152  14:18  Baneling  
  152  14:19  Baneling  
  152  14:21  Baneling  
  152  14:22  Baneling  
  152  14:30  Centrifical Hooks  
  152  14:45  Zerg Flyer Armor Level 1  
  152  14:47  Overlord x2  
  152  14:50  Zergling x8  
  152  14:51  Zergling x40  
  176  15:17  Mutalisk  
  176  15:18  Mutalisk x5  
  186  15:47  Drone x5  
  186  15:48  Drone x9  
  192  16:26  Baneling  
  192  16:27  Baneling x10  
  192  16:28  Baneling x30  
  143  16:50  Zergling x2  
  143  16:51  Zergling x22  
  110  17:08  Extractor  
  110  17:09  Extractor  
  104  17:27  Zergling x24  
  114  17:49  Mutalisk x6  
  114  17:50  Mutalisk x5  
  136  18:08  Spore Crawler  
  136  18:09  Spore Crawler  
  136  18:10  Spore Crawler  
  133  18:12  Spine Crawler  
  133  18:16  Spine Crawler  
  133  18:18  Spine Crawler  
  133  18:19  Spine Crawler  
  129  18:22  Spore Crawler x2  
  129  18:23  Hatchery, Spine Crawler  
  129  18:24  Spore Crawler  
  129  18:26  Hatchery  
  123  18:27  Spine Crawler x2  
  123  18:28  Spore Crawler  
  123  18:29  Spore Crawler, Spine Crawler  
  123  18:31  Spine Crawler  
  117  18:34  Mutalisk  
  117  18:35  Mutalisk x5  
  129  18:45  Drone x8  
  137  19:19  Baneling  
  137  19:20  Baneling x13  
  137  19:21  Baneling x17  
  137  19:22  Baneling  
  137  19:24  Zergling x24  
  138  19:25  Zergling x12  
  154  19:41  Zergling x6  
  154  19:42  Zergling x12  
  124  20:13  Zergling x2  
  124  20:14  Zergling x30  
Tags
 
Add a new tag
Caveats
  • Supply blocks, unpowered buildings, or Contaminate may cause inaccurate times.
  • Supply counts are checked every 10 seconds.